Map: Base du roi Sejong EC

Players

Nilou

  • Race: Terran Terran
  • League: Diamond

Worming - Winner!

  • Race: Zerg Zerg
  • League: Diamond

VOD

Have the link to the VOD?

Description

Time

  • Played on: Aug. 15, 2016, 2:20 p.m.
  • Length: 13:14
Show
View Real Time Build Order
Export as new Build Order

Nilou Terran 

Build Orders: Hellion Opening, MMM Bio 

Get SALT Encoding   

  12  0:01  SCV  
  13  0:14  SCV  
  14  0:18  Supply Depot  
  14  0:26  SCV  
  15  0:40  SCV  
  15  0:41  Barracks  
  16  0:44  Refinery  
  16  0:52  SCV  
  17  1:05  SCV  
  18  1:17  SCV  
  19  1:29  Barracks Reactor  
  19  1:30  Orbital Command  
  19  1:41  Command Center  
  19  1:52  Supply Depot  
  19  1:55  SCV  
  20  2:04  Marine, Factory  
  20  2:07  Marine  
  22  2:11  SCV  
  23  2:22  Marine  
  23  2:24  SCV  
  23  2:25  Marine  
  26  2:36  SCV  
  27  2:48  SCV  
  27  2:49  Starport  
  28  2:52  Refinery  
  28  2:53  Hellion  
  28  2:58  Orbital Command, Hellion  
  32  3:00  Marine  
  32  3:04  SCV  
  34  3:15  Hellion  
  34  3:19  Hellion  
  38  3:20  Marine  
  38  3:24  SCV  
  38  3:25  SCV  
  41  3:28  Medivac  
  41  3:29  Supply Depot  
  43  3:37  SCV  
  43  3:38  Hellion  
  46  3:50  SCV, Marine  
  46  3:51  Hellion, SCV  
  50  4:00  Hellion  
  52  4:07  SCV x2  
  52  4:09  Supply Depot  
  54  4:11  Supply Depot  
  54  4:14  Liberator  
  54  4:31  Hellion x2, Marine  
  60  4:41  Barracks  
  60  4:43  Barracks  
  60  4:52  Marine  
  55  5:08  SCV  
  55  5:09  SCV  
  55  5:11  Factory Tech Lab  
  55  5:12  Supply Depot  
  55  5:13  Supply Depot  
  57  5:16  Command Center  
  57  5:30  Marine  
  57  5:31  Barracks Tech Lab x2, Marine  
  57  5:32  Siege Tank  
  57  5:33  Medivac  
  60  5:44  SCV x2  
  60  5:46  Refinery  
  60  5:48  Engineering Bay  
  56  5:50  Engineering Bay  
  56  5:52  Barracks  
  56  5:53  Barracks  
  55  5:57  SCV x2  
  55  5:58  Stimpack  
  57  6:06  Refinery, Supply Depot, Marine  
  57  6:07  Marine  
  57  6:09  Combat Shields  
  59  6:16  Marine x2  
  59  6:17  Medivac  
  63  6:24  SCV  
  63  6:25  SCV  
  62  6:28  Orbital Command  
  62  6:35  Terran Infantry Weapons Level 1  
  62  6:37  Terran Infantry Armor Level 1, SCV  
  62  6:39  SCV  
  63  6:41  Barracks Reactor  
  63  6:43  Marine  
  63  6:45  Barracks Reactor  
  64  6:47  Marine  
  64  6:49  SCV  
  64  6:54  Marine x2, SCV x2  
  68  6:55  Starport Reactor  
  70  7:04  SCV  
  70  7:05  Marine  
  70  7:06  SCV  
  70  7:07  Orbital Command  
  73  7:14  Marine  
  73  7:15  Marine x2  
  76  7:23  Marine x5  
  76  7:24  Siege Tank  
  76  7:27  Supply Depot  
  76  7:29  Armory  
  84  7:31  SCV  
  84  7:32  SCV  
  84  7:35  Supply Depot  
  86  7:41  Marine  
  86  7:42  Marine x6  
  86  7:43  Marine  
  94  7:50  Orbital Command  
  92  7:52  Medivac x2  
  92  7:55  Missile Turret  
  92  7:57  Missile Turret, SCV x2  
  98  7:59  Marine x2  
  98  8:00  Marine x2  
  102  8:09  Marine x2, Marauder x2  
  108  8:15  Supply Depot, SCV  
  108  8:17  Supply Depot  
  109  8:30  Concussive Shells  
  109  8:32  Terran Infantry Weapons Level 2  
  109  8:36  Medivac, Marine x4  
  109  8:37  Marauder  
  109  8:38  Medivac, Marine  
  109  8:39  SCV x2  
  122  8:43  Marine  
  122  8:45  SCV  
  122  8:47  Supply Depot  
  124  8:49  Supply Depot  
  124  8:51  Supply Depot, SCV  
  125  9:00  Terran Vehicle And Ship Armor Level 1  
  125  9:01  Terran Infantry Armor Level 2  
  125  9:02  Supply Depot  
  125  9:08  Siege Tank, Marine x4  
  132  9:15  Marine x3  
  132  9:16  Marine  
  132  9:17  Medivac x2  
  140  9:30  Marine x2  
  140  9:31  Marine x2  
  143  9:33  SCV x3  
  143  9:34  Marauder  
  143  9:37  Marine  
  150  9:39  Marine  
  150  9:40  Command Center, Marine  
  151  9:48  Medivac, Siege Tank, Marine  
  151  9:52  Marine  
  157  10:00  Supply Depot  
  157  10:02  Supply Depot  
  157  10:03  Refinery  
  157  10:11  Marine  
  157  10:22  Medivac, Marauder, Supply Depot, Marine x4  
  157  10:23  Siege Tank, Marine x2  
  157  10:24  Supply Depot  
  157  10:28  Barracks  
  170  10:29  Marine  
  170  10:30  Barracks  
  170  10:34  Supply Depot  
  171  10:38  Supply Depot  
  171  10:41  Marine x2  
  173  10:44  Marine x3  
  173  10:55  Terran Vehicle And Ship Armor Level 2  
  173  11:02  Marine x5  
  173  11:03  Marauder  
  180  11:22  Marine x2  
  180  11:23  Marine x4  
  185  11:27  Marauder x2  
  185  11:28  Barracks Tech Lab, Barracks Reactor  
  189  11:33  Barracks  
  189  11:41  Marine x2  
  189  11:42  Marine x4  
  189  11:46  Planetary Fortress  
  195  11:48  Marine  
  195  11:50  SCV x2  
  195  11:51  SCV  
  199  11:54  Marine  
  175  12:30  Marine  
  175  12:31  Marauder x3, Marine x7  
  152  12:48  Marine x2  
  152  12:49  Missile Turret, Marine x2  
  154  12:51  Missile Turret  
  154  12:52  Missile Turret, Marauder x2  
  154  12:53  Ghost Academy, Missile Turret, Marauder  
  154  12:57  Starport x2  
Show
View Real Time Build Order
Export as new Build Order

Worming Zerg - Winner!

Build Orders: Hatch First 

Get SALT Encoding   

  12  0:01  Drone  
  13  0:12  Overlord  
  13  0:19  Drone  
  14  0:31  Drone x2  
  16  0:39  Drone  
  17  0:52  Hatchery  
  17  0:54  Drone  
  17  0:59  Drone  
  17  1:00  Extractor  
  17  1:18  Drone, Spawning Pool  
  18  1:25  Drone  
  19  1:32  Drone  
  19  1:39  Overlord  
  19  1:49  Drone  
  20  2:04  Metabolic Boost  
  20  2:05  Queen x2  
  20  2:06  Zergling x2  
  25  2:16  Drone x3  
  28  2:28  Drone x2  
  30  2:36  Drone x2  
  32  2:44  Overlord  
  32  3:01  Drone x3  
  32  3:03  Hatchery  
  34  3:08  Extractor  
  33  3:13  Zergling x2  
  34  3:20  Drone x7  
  34  3:26  Evolution Chamber  
  40  3:29  Evolution Chamber  
  40  3:30  Drone x2  
  40  3:32  Queen  
  43  3:43  Drone  
  43  3:46  Overlord x2  
  44  3:52  Zerg Melee Weapons Level 1  
  44  3:57  Zerg Ground Armor Level 1  
  44  4:09  Zergling x12  
  50  4:20  Drone x2  
  50  4:22  Spine Crawler  
  51  4:27  Zergling x4  
  49  4:32  Queen  
  49  4:33  Queen  
  49  4:34  Zergling x6  
  49  4:35  Zergling x2  
  56  4:43  Spine Crawler  
  50  5:06  Zergling x18  
  47  5:18  Zergling x2  
  47  5:19  Zergling x4  
  49  5:32  Drone x3  
  49  5:33  Drone x2  
  49  5:34  Lair  
  43  6:01  Drone x3  
  43  6:02  Drone x3  
  49  6:05  Overlord  
  49  6:08  Drone x3  
  49  6:33  Zerg Melee Weapons Level 2  
  49  6:36  Zerg Ground Armor Level 2  
  49  6:52  Overlord  
  49  6:59  Drone x3  
  49  7:00  Spore Crawler, Drone x2  
  53  7:06  Zergling x2  
  53  7:07  Drone x5  
  59  7:13  Baneling Nest, Extractor  
  57  7:16  Drone x3  
  57  7:19  Drone x4, Extractor  
  62  7:56  Centrifical Hooks  
  62  7:58  Drone x3  
  65  8:08  Zergling x18, Extractor  
  65  8:11  Extractor  
  72  8:13  Infestation Pit  
  72  8:16  Baneling x3  
  72  8:17  Baneling x2  
  72  8:19  Drone x4  
  76  8:20  Drone x2  
  76  8:22  Drone x5  
  82  8:29  Baneling x4  
  81  8:42  Hatchery  
  80  8:50  Hive  
  80  8:52  Overlord x4  
  80  8:53  Overlord x2  
  80  9:12  Zergling x32  
  96  9:27  Overlord  
  96  9:35  Zergling x2  
  96  10:09  Hatchery  
  96  10:11  Spore Crawler  
  94  10:22  Zerg Ground Armor Level 3, Zerg Melee Weapons Level 3  
  94  10:24  Adrenal Glands  
  94  10:25  Ultralisk Cavern  
  94  10:26  Baneling x8  
  94  10:27  Baneling x5, Overlord x2  
  94  10:28  Zergling x2, Overlord  
  93  10:29  Zergling x22  
  105  10:39  Zergling x14  
  111  10:57  Drone  
  111  10:58  Drone x5  
  117  11:05  Zergling x2  
  117  11:08  Zergling x6  
  121  11:16  Queen  
  122  11:19  Extractor  
  121  11:26  Chitinous Plating  
  121  11:31  Burrow  
  116  11:45  Ultralisk x4  
  116  11:46  Zergling x8  
  138  11:50  Drone x3  
  138  11:52  Drone  
  138  11:53  Drone, Extractor  
  142  12:06  Drone x2  
  142  12:07  Drone  
  145  12:16  Ultralisk  
  115  12:33  Zergling x28  
  115  12:34  Zergling x6  
  110  12:42  Drone x5  
Tags
 
Add a new tag
Caveats
  • Supply blocks, unpowered buildings, or Contaminate may cause inaccurate times.
  • Supply counts are checked every 10 seconds.